AoeStats
← Barón de la Cerveza

Arabia

510408807Analyzed
1v1 RM · 2d ago on Sep 30, 2026· 40m 10s· 2 players
Game mode
Random Map
Map size
Tiny (2 player)
Population
200
Speed
Normal
Resources
Standard
Victory
Conquest
Starting age
Dark Age
Ending age
Imperial Age
RankedLock teamsTeams togetherTeam positionsShared explorationLock speedFull tech treeHidden civsTurbo modeCheats
Victory
Defeat
🇲🇽 Portuguese · Mexico
1825
+17
1844
-17
Barón de la Cerveza
7:02 Loom
9:13 Feudal Age
10:40 Double-Bit Axe
21:58 Castle Age
22:13 Horse Collar
22:31 Fletching
23:34 Bow Saw
23:39 Bodkin Arrow
23:04 Crossbowman
27:09 Husbandry
27:19 Bloodlines
27:41 Heavy Plow
28:14 Padded Archer Armor
33:52 Light Cavalry
35:38 Ballistics
36:42 Scale Barding Armor
37:57 Chain Barding Armor
41:22 Imperial Age
AiM | Alexander the conqueror
6:20 Loom
9:38 Feudal Age
10:20 Double-Bit Axe
10:35 Man-at-Arms
22:17 Castle Age
20:20 Scale Mail Armor
20:06 Horse Collar
20:58 Gold Mining
22:11 Forging
22:21 Eagle Warrior
23:02 Squires
24:11 Wheelbarrow
24:05 Arson
27:49 Chain Mail Armor
30:15 Town Watch
31:33 Elite Skirmisher
36:29 Imperial Age
35:16 Fletching
35:26 Padded Archer Armor
35:55 Ballistics
36:43 Bow Saw
38:28 Plate Mail Armor
38:45 Elite Eagle Warrior
Connection lost

Rejoining the realm…

Still unreachable

The connection could not be restored.

Session expired

The server has moved on; the page needs a fresh start.